 Dungeon Crawl Stone Soup version 0.32-a0-931-g5a2cda0630 (webtiles) character file.

Game seed: 13955063957525737559

52 bananaken the Magician (level 3, -5/21 HPs)
             Began as a Gargoyle Hedge Wizard on Apr 13, 2024.
             Engulfed by a cloud of flame (26 damage)
             ... on level 1 of the Dungeon.
             The game lasted 00:07:10 (2108 turns).

bananaken the Magician (Gargoyle Hedge Wizard)      Turns: 2108, Time: 00:07:10

Health: -5/21      AC:  7    Str: 13    XL:     3   Next: 85%
Magic:  7/7        EV: 11    Int: 16    God:
Gold:   82         SH:  0    Dex:  9    Spells: 2/8 levels left

rFire   . . .        a - +0 dagger
rCold   . . .        (no shield)
rNeg    + . .        b - +0 robe
rPois   ∞            c - +0 hat
rElec   +            (no cloak)
rCorr   .            (no gloves)
SInv    .            i - +1 pair of boots
Will    .....        (no amulet)
Stlth   ++           (no ring)
HPRegen 0.23/turn    (no ring)
MPRegen 0.10/turn

%: no passive effects
@: no status effects
A: sickness immunity, AC +3, negative energy resistance 1, electricity
resistance, torment resistance 1, petrification resistance
a: no special abilities


You were on level 1 of the Dungeon.
You visited 1 branch of the dungeon, and saw 2 of its levels.

You collected 82 gold pieces.

Inventory:

Hand Weapons
 a - a +0 dagger (weapon)
Armour
 b - a +0 robe (worn)
 c - a +0 hat (worn)
 i - a +1 pair of boots (worn)
Scrolls
 h - a scroll of vulnerability {unknown}
 j - a scroll of fog {unknown}
Potions
 d - a potion of magic
 f - a potion of ambrosia {unknown}
 g - a potion of lignification
 k - a potion of attraction {unknown}


   Skills:
 + Level 1.6 Fighting
 + Level 0.2 Short Blades
 - Level 2.0 Dodging
 - Level 2.1 Stealth
 - Level 3.0 Spellcasting
 + Level 2.2 Conjurations
 + Level 1.0 Summonings
 - Level 1.0 Translocations
 + Level 0.2 Air Magic
 + Level 0.2 Alchemy


You had 2 spell levels left.
You knew the following spells:

 Your Spells              Type           Power      Damage    Failure   Level
a - Magic Dart            Conj           36%        1d4       8%          1
b - Mephitic Cloud        Conj/Alch/Air  5%         N/A       36%         3
c - Call Imp              Summ           10%        N/A       19%         2

Your spell library contained the following spells:

 Spells                   Type           Power      Damage    Failure   Level
 Slow                     Hex            8%         N/A       19%         1
 Blink                    Tloc           10%        N/A       19%         2
 Lesser Beckoning         Tloc           10%        N/A       19%         2
 Maxwell's Portable Pile  Tloc           5%         2d(5-15)  36%         3
 Teleport Other           Tloc           5%         N/A       36%         3
 Cigotuvi's Dreadful Rot  Necr/Alch/Air  Unusable   N/A       N/A         2

Dungeon Overview and Level Annotations

Branches:
Dungeon (2/15)

Altars:

Annotations:
D:2 Sigmund


Innate Abilities, Weirdness & Mutations

You are immune to sickness and miasma.
Your stone body is resilient. (AC +3)
You are immune to poison.
You resist negative energy. (rN+)
You are resistant to electric shocks. (rElec)
You are resistant to unholy torment.
You are immune to petrification.


Message History

The endoplasm is moderately wounded.
The endoplasm closely misses you.
Casting: Magic Dart (safe; 8% risk of failure)
Confirm with . or Enter, or press ? or * to list all spells.
Aiming: Magic Dart (safe; 8% risk of failure)
Press: ? - help, Shift-Dir - straight line, f/p - endoplasm
Aim: an endoplasm (moderately wounded, 100% to hit)
You miscast Magic Dart.
You are very lightly contaminated with residual magic.
Nothing appears to happen.
The endoplasm freezes you.
You are frozen.
Casting: Magic Dart (safe; 8% risk of failure)
Confirm with . or Enter, or press ? or * to list all spells.
Aiming: Magic Dart (safe; 8% risk of failure)
Press: ? - help, Shift-Dir - straight line, f/p - endoplasm
Aim: an endoplasm (moderately wounded, 100% to hit)
The magic dart hits the endoplasm.
The endoplasm is almost dead.
The endoplasm freezes you.
You are frozen.
Casting: Magic Dart (safe; 8% risk of failure)
Confirm with . or Enter, or press ? or * to list all spells.
Aiming: Magic Dart (safe; 8% risk of failure)
Press: ? - help, Shift-Dir - straight line, f/p - endoplasm
Aim: an endoplasm (almost dead, 100% to hit)
The magic dart hits the endoplasm.
You kill the endoplasm!
Unknown command.
Your magical contamination has completely faded away.
You see here a +0 dagger.
There is an open door here.
Okay, then.
Okay, then.
As you read the scroll labelled VEMPILYEGI, it crumbles to dust.
It is a scroll of enchant armour.
Your +0 pair of boots glows green for a moment.
You are engulfed in blazing flames.
Ouch! That really hurt!
You die...

########### #.........#
#...#####.# #§@§# #.#
#☼§○# #.# #○☼°# #.# ##
#...#####.# ##########.☼
.....§☼○..# #..........☼
°.:(..☼☼☼..# #.
#..........○.○.?...☼§§..#
..
#.........#####...#####.#.
##. ..........# #.§§#
#.#.. ..


There were no monsters in sight!

Vanquished Creatures
  2 adders (D:2)
  A dart slug (D:2)
  4 bats
  8 endoplasms
  A giant cockroach (D:2)
  A goblin (D:1)
  4 hobgoblins
  A quokka (D:2)
  4 ball pythons
  3 frilled lizards
29 creatures vanquished.

Vanquished Creatures (others)
  An endoplasm (D:1)
1 creature vanquished.

Grand Total: 30 creatures vanquished

Notes
Turn   | Place    | Note
-------+----------+-------------------------------------------
     0 | D:1      | bananaken the Gargoyle Hedge Wizard began the quest for the
                  | Orb.
     0 | D:1      | Reached XP level 1. HP: 10/10 MP: 4/4
    91 | D:1      | Reached skill level 1 in Translocations
   266 | D:1      | Reached XP level 2. HP: 16/16 MP: 0/6
   322 | D:1      | You fall into a shaft and drop 1 floor!
   462 | D:2      | Reached skill level 1 in Fighting
   648 | D:2      | Reached XP level 3. HP: 20/20 MP: 3/7
   851 | D:2      | Learned a level 3 spell: Mephitic Cloud
   854 | D:2      | Learned a level 2 spell: Call Imp
   953 | D:2      | Reached skill level 1 in Summonings
  1142 | D:2      | Noticed Sigmund
  2108 | D:1      | Engulfed by a cloud of flame

Illustrated notes

Levels and vault maps discovered:
D:1:      mrwooster_arrival_statue_2, layout_basic, chequers_garden,
          lemuel_flame_loot_1
D:2:      layout_loops_cross, uniq_sigmund

Skill      XL: |  1  2  3 |
---------------+----------+-----
Translocations | 1 |  1.0
Fighting       | 1 |  1.6
Dodging        | 2 |  2.0
Conjurations   | 2 |  2.2
Summonings     | 1 |  1.0
Short Blades   | |  0.2
Stealth        | |  2.1
Spellcasting   | |  3.0
Air Magic      | |  0.2
Alchemy        | |  0.2

Action                     || total
---------------------------++-------
  Melee: Dagger            ||    24
   Cast: Magic Dart        ||    76
         Call Imp          ||     1
    Use: Potion            ||     1
         Scroll            ||     1
   Stab: Sleeping          ||     1
 Armour: Robe              ||    35
         Skin              ||     7
  Dodge: Dodged            ||    19

Table legend: (Time is in decaauts)
 A = Elapsed time spent in this place.
 B = Non-inter-level travel time spent in this place.
 C = Inter-level travel time spent in this place.
 D = Time resting spent in this place.
 E = Time spent auto-exploring this place.
 F = Levels seen in this place.
 G = Mean time per level.
                   A        B        C        D        E       F      G
               +--------+--------+--------+--------+--------+-----+--------+
         Total |   2107 |   2088 |     19 |    292 |   1548 |   2 | 1053.5 |
       Dungeon |   2107 |   2088 |     19 |    292 |   1548 |   2 | 1053.5 |
               +--------+--------+--------+--------+--------+-----+--------+

Top non-repeatable levels by time:
     D:2: 1129 daAuts
     D:1: 977 daAuts
